AoeStats
← Niroxs

Oasis

509574947Analyzed
4v4 RM · 5d ago on Sep 27, 2026· 27m 47s· 8 players
Game mode
Random Map
Map size
Large (8 player)
Population
200
Speed
Normal
Resources
Standard
Victory
Conquest
Starting age
Dark Age
Ending age
Imperial Age
RankedLock teamsTeams togetherTeam positionsShared explorationLock speedFull tech treeHidden civsTurbo modeCheats
Victory
Defeat
🇨🇭 Britons · Switzerland
1757
+10
🇪🇸 Lithuanians · Spain
1744
+10
🇵🇰 Varangians · Pakistan
1701
+12
🇨🇳 Saracens · China
1578
+17
🇦🇹 Persians · Austria
1822
-20
🇩🇪 Portuguese · Germany
1548
-10
🇨🇳 Mongols · China
1546
-10
🇷🇺 Britons · Russia
1534
-9
Niroxs
5:16 Loom
8:47 Feudal Age
8:07 Loom
14:54 Fletching
16:40 Horse Collar
22:29 Castle Age
20:50 Gold Mining
21:58 Padded Archer Armor
22:32 Crossbowman
23:17 Bodkin Arrow
24:12 Double-Bit Axe
25:30 Leather Archer Armor
28:02 Ballistics
Jorge Garcia
8:35 Loom
10:21 Feudal Age
11:57 Double-Bit Axe
15:02 Castle Age
14:27 Horse Collar
15:42 Forging
18:48 Bow Saw
22:33 Scale Barding Armor
22:41 Bloodlines
Mubeen
5:52 Loom
8:31 Feudal Age
9:21 Double-Bit Axe
13:48 Bloodlines
16:22 Wheelbarrow
16:41 Scale Barding Armor
17:26 Forging
17:59 Horse Collar
21:45 Castle Age
20:08 Gold Mining
22:48 Chain Barding Armor
22:47 Bow Saw
23:22 Husbandry
24:06 Heavy Plow
心如止水
6:01 Loom
8:42 Feudal Age
13:53 Double-Bit Axe
14:44 Fletching
18:26 Padded Archer Armor
21:44 Castle Age
20:17 Horse Collar
21:28 Wheelbarrow
21:48 Crossbowman
22:27 Bodkin Arrow
23:06 Bow Saw
Fritz Fantom
8:07 Feudal Age
8:55 Loom
9:03 Double-Bit Axe
11:01 Horse Collar
18:26 Castle Age
18:56 Wheelbarrow
20:36 Scale Barding Armor
22:22 Husbandry
22:50 Heavy Plow
22:56 Town Watch
25:15 Bloodlines
25:38 Bow Saw
lootingbear
9:58 Feudal Age
8:14 Loom
10:02 Feudal Age
14:52 Castle Age
BlackBaby
7:30 Loom
9:29 Feudal Age
13:44 Fletching
15:24 Wheelbarrow
14:53 Padded Archer Armor
24:43 Castle Age
24:55 Gold Mining
25:28 Bodkin Arrow
25:09 Crossbowman
白色风车
5:57 Loom
8:03 Feudal Age
9:26 Double-Bit Axe
13:30 Wheelbarrow
19:03 Castle Age
17:37 Gold Mining
17:39 Fletching
19:09 Bloodlines
20:36 Husbandry
23:07 Horse Collar
24:07 Scale Barding Armor
Connection lost

Rejoining the realm…

Still unreachable

The connection could not be restored.

Session expired

The server has moved on; the page needs a fresh start.